 Dungeon Crawl Stone Soup version 0.26.0-18-gc5c842f807 (webtiles) character file.

Game seed: 3423520649715040058

25 Kejsarherre the Skirmisher (level 3, -22/39 HPs)
             Began as an Ogre Chaos Knight on Jan 23, 2021.
             Was a Plaything of Xom.
             Annihilated by a deep troll (glowing shapeshifter) (25 damage)
             ... on level 2 of the Dungeon.
             The game lasted 00:02:39 (799 turns).

Kejsarherre the Skirmisher (Ogre Chaos Knight)       Turns: 799, Time: 00:02:40

Health: -22/39     AC:  5    Str: 16    XL:     3   Next: 6%
Magic:  3/3        EV: 10    Int: 14    God:    Xom [*.....]
Gold:   56         SH:  5    Dex:  8    Spells: 2/2 levels left

rFire    . . .     SeeInvis .   a - +0 mace (chaos)
rCold    . . .     Faith    .   (no shield)
rNeg     . . .     Spirit   .   b - +2 robe
rPois    .         Reflect  +   (helmet restricted)
rElec    .         Harm     .   (no cloak)
rCorr    .         Rampage  .   (gloves unavailable)
Will     .....                  (boots unavailable)
Stlth    +.........             i - amulet of reflection
HPRegen  0.13/turn              f - ring of wizardry
MPRegen  0.08/turn              (no ring)

@: lethally poisoned (-22 -> -46), attractive, hasted and slowed
A: large, unfitting armour, tough skin 1
a: Renounce Religion


You were on level 2 of the Dungeon.
You worshipped Xom.
You were a special plaything of Xom.
You visited 1 branch of the dungeon, and saw 3 of its levels.

You collected 56 gold pieces.

Inventory:

Hand Weapons
 a - a +0 mace of chaos (weapon)
Armour
 b - a +2 robe (worn)
Jewellery
 f - a ring of wizardry (left hand)
 i - an amulet of reflection (around neck)
Scrolls
 d - a scroll of identify
 e - a scroll of fog {unknown}
Potions
 g - 2 potions of mutation


   Skills:
 - Level 4.0 Fighting
 + Level 3.7 Maces & Flails
 - Level 2.1 Dodging


You had 2 spell levels left.
You didn't know any spells.
Your spell library was empty.

Dungeon Overview and Level Annotations

Branches:
Dungeon (3/15)

Altars:

Annotations:
D:2 Robin


Innate Abilities, Weirdness & Mutations

You are too large for most types of armour.
You have tough skin. (AC +1)


Message History

You feel sick.
The snapping turtle changes into a deep troll!
The gnoll throws a curare-tipped dart.
The curare-tipped dart closely misses you.
The gnoll throws a curare-tipped dart.
The curare-tipped dart hits you.
You are more poisoned.
You have difficulty breathing.
* * * LOW HITPOINT WARNING * * *
You feel as though you will be slow longer.
The deep troll is pulled toward you! The gnoll is pulled toward you! x2
Unknown command.
It was a potion of haste.
You feel yourself speed up.
You die... "Just one more try."
Xom revives you!
The gnoll is engulfed in seething chaos.
The gnoll closely misses you. The deep troll bites you!!
Ouch! That really hurt!
You die...
Xom bursts into laughter!

#...g#
#....
#...#
#..†#
#...#
#..)#
#..g#
#gT.#
#.@.#
#####


You could see a deep troll shaped shifter and 2 gnolls.

Vanquished Creatures
  A dart slug (D:1)
  A bat (D:1)
  A giant cockroach (D:1)
  10 goblins
  2 hobgoblins
  A kobold (D:1)
  3 frilled lizards (D:1)
  3 rats
22 creatures vanquished.

Notes
Turn   | Place    | Note
-------+----------+-------------------------------------------
     0 | D:1      | Kejsarherre the Ogre Chaos Knight began the quest for the
                  | Orb.
     0 | D:1      | Reached XP level 1. HP: 24/24 MP: 1/1
    46 | D:1      | Reached XP level 2. HP: 24/32 MP: 2/2
   128 | D:1      | XOM: silly message
   656 | D:2      | Noticed Robin
   659 | D:2      | XOM: divination: detect items
   663 | D:2      | XOM: potion effect (brilliance)
   676 | D:2      | XOM: noise
   678 | D:2      | Reached XP level 3. HP: 18/39 MP: 3/3
   780 | D:2      | XOM: cloud trail
   794 | D:2      | XOM: chaos upgrade
   796 | D:2      | Noticed a glowing shapeshifter
   796 | D:2      | a gnoll changed into a glowing shapeshifter
   797 | D:2      | Noticed a snapping turtle
   797 | D:2      | a glowing shapeshifter changed into a snapping turtle
   798 | D:2      | Noticed a deep troll
   798 | D:2      | a snapping turtle changed into a deep troll
   798 | D:2      | HP: 1/39 [asphyx]
   799 | D:2      | Xom revived you
   799 | D:2      | Annihilated by a deep troll (glowing shapeshifter)

Illustrated notes

Levels and vault maps discovered:
D:1:      lightli_arrival_isolated_outpost, layout_rooms
D:2:      layout_basic, skrybe_limestone_x, hangedman_decor_growths, uniq_robin
D:3:      layout_loops_cross

Skill      XL: |  1 |
---------------+----+-----
Maces & Flails | 3 |  3.7
Fighting       | |  4.0
Dodging        | |  2.1

Action                   || total
-------------------------++-------
Melee: Mace              ||    49
  Use: Potion            ||     2
       Scroll            ||     1
 Stab: Paralysed         ||     2
Armor: Robe              ||    17
Dodge: Dodged            ||    26
Block: Other             ||     7
